 Dungeon Crawl Stone Soup version 0.29.1-15-g9cfb28693d (webtiles) character file.

Game seed: 10819991285204863505

247 hawla the Conjurer (level 6, -9/45 HPs)
             Began as a Meteoran Fire Elementalist on Mar 27, 2023.
             Mangled by a wight
             ... wielding a +7 short sword
              (13 damage)
             ... on level 5 of the Dungeon.
             The game lasted 00:02:10 (470 turns).

hawla the Conjurer (Meteoran Fire Elementalist)      Turns: 470, Time: 00:02:10

Health: -9/45      AC:  2    Str:  9    XL:     6   Next: 60%
Magic:  1/12       EV: 12    Int: 19    God:
Gold:   41         SH:  0    Dex: 15    Spells: 5/12 levels left

rFire   . . .      SeeInvis .   (no weapon)
rCold   . . .      Faith    .   (no shield)
rNeg    . . .      Spirit   .   a - +0 robe
rPois   .          Reflect  .   (no helmet)
rElec   .          Harm     .   (no cloak)
rCorr   .          Rampage  .   (no gloves)
Will    .....                   (no boots)
Stlth   +.........              (no amulet)
HPRegen 0.15/turn               (no ring)
MPRegen 0.13/turn               (no ring)

@: brilliant, glowing
A: sense surroundings 1, otherworldly, glowing, explore regen
a: no special abilities


You were on level 5 of the Dungeon.
You visited 1 branch of the dungeon, and saw 4 of its levels.

You collected 41 gold pieces.

Inventory:

Armour
 a - a +0 robe (worn)
Jewellery
 d - an amulet of magic regeneration
Scrolls
 f - a scroll of torment {unknown}
 h - a scroll of vulnerability {unknown}
Potions
 b - a potion of magic
 e - a potion of brilliance
 g - 3 potions of curing {unknown}


   Skills:
 + Level 0.1 Fighting
 + Level 2.5 Dodging
 - Level 1.4 Stealth
 + Level 3.5 Spellcasting
 + Level 5.8 Conjurations
 + Level 4.9 Fire Magic


You had 5 spell levels left.
You knew the following spells:

 Your Spells              Type           Power      Damage    Failure   Level
a - Foxfire               Conj/Fire      100%       2x1d9     1%          1
b - Scorch                Fire           66%        2d8       3%          2
c - Flame Wave            Conj/Fire      35%        2d10      16%         4

Your spell library contained the following spells:

 Spells                   Type           Power      Damage    Failure   Level
 Conjure Flame            Conj/Fire      35%        6-21      4%          3
 Inner Flame              Hex/Fire       19%        N/A       16%         3


Dungeon Overview and Level Annotations

Branches:
Dungeon (3/15) Zot: 1930

Altars:


Innate Abilities, Weirdness & Mutations

You passively map a small area around you.
You are easily found by Zot.
You glow in the dark.
You regain HP and MP as you explore.


Message History

The wight is moderately damaged.
The flame wave engulfs the ice beast.
The ice beast melts!
The ice beast is severely wounded. (Press . to intensify the flame waves.)
The wight closely misses you. The ice beast closely misses you.
A wave of flame ripples out!
The flame wave engulfs the wight.
The wight is heavily damaged.
The flame wave engulfs the ice beast.
The ice beast melts!
The ice beast is almost dead.
The ice beast hits you but does no damage.
The wight hits you with a +0 falchion!
* * * LOW HITPOINT WARNING * * *
A wave of flame ripples out!
The flame wave engulfs the wight!
You destroy the wight!
The flame wave engulfs the ice beast!
The ice beast melts!
You kill the ice beast!
You finish channelling waves of flame.
Your Conjurations skill gained 2 levels and is now at level 5!
You have reached level 6!
You feel clever.
A wight comes into view. It is wielding a +2 vorpal hand axe.
Casting: Flame Wave (quite dangerous; 16% risk of failure)
Confirm with . or Enter, or press ? or * to list all spells.
You conjure some foxfire!
A wight comes into view. It is wielding a +7 short sword.
The foxfire hits the wight but does no damage.
The foxfire hits the wight.
The wight is lightly damaged.
It was a potion of brilliance.
You feel clever all of a sudden. The wight misses you.
Your magical contamination has completely faded away.
Casting: Foxfire (safe; 1% risk of failure)
Confirm with . or Enter, or press ? or * to list all spells.
You feel a surge of power!
You conjure some foxfire!
The wight hits you with a +7 short sword!
* * * LOW HITPOINT WARNING * * *
The wight attacks as you move away!
The wight hits you with a +7 short sword!
You die...

....#.......#.# ,
#.#.####.##.#.# .#
##..####.##.#.###.#
##...............#
##.###....#.##..#
##.........#.##..#
##.#.###....).....#
* # #.##.#
##...#.##v###?... ,
, .###.#
#.).#..z@....# * *
.###.#
#......zv..#.# *
...#.#
#.#.####.....#
.#.#.# #.#>*
#...#[# .....# #,#
##.##,# .#).. .# ,*
* ## #.# * .# ,*
.#***,*, .#* ,


You could see 2 wights.

Vanquished Creatures
  An ice beast (D:5)
  A scorpion (D:5)
  A wight (D:5)
  An iguana (D:5)
  An adder (D:2)
  A dart slug (D:1)
  2 ball pythons (D:2)
  3 goblins (D:2)
  A hobgoblin (D:2)
  A kobold (D:1)
  2 quokkas (D:2)
  A frilled lizard (D:2)
  A rat (D:2)
17 creatures vanquished.

Vanquished Creatures (others)
  42 foxfires
42 creatures vanquished.

Grand Total: 59 creatures vanquished

Notes
Turn   | Place    | Note
-------+----------+-------------------------------------------
     0 | D:1      | hawla the Meteoran Fire Elementalist began the quest for
                  | the Orb.
     0 | D:1      | Reached XP level 1. HP: 14/14 MP: 5/5
    41 | D:1      | Found a faded altar of an unknown god.
   103 | D:2      | Reached XP level 2. HP: 20/20 MP: 4/6
   106 | D:2      | Learned a level 2 spell: Scorch
   199 | D:2      | Reached XP level 3. HP: 26/26 MP: 0/8
   339 | D:3      | Noticed a black bear
   339 | D:3      | You fall into a shaft and drop 2 floors!
   339 | D:5      | Entered Level 5 of the Dungeon
   371 | D:5      | Reached XP level 4. HP: 21/33 MP: 6/10
   393 | D:5      | Learned a level 4 spell: Flame Wave
   400 | D:5      | Noticed a scorpion
   403 | D:5      | Killed a scorpion
   404 | D:5      | Reached skill level 3 in Conjurations
   404 | D:5      | Reached XP level 5. HP: 34/38 MP: 5/11
   453 | D:5      | Noticed an ice beast
   461 | D:5      | Killed an ice beast
   462 | D:5      | Reached skill level 5 in Conjurations
   462 | D:5      | Reached XP level 6. HP: 9/45 MP: 0/12
   470 | D:5      | Mangled by a wight

Illustrated notes

Levels and vault maps discovered:
D:1:      tarquinn_simple_flora_water_b, layout_rooms,
          dreamdust_ecumenical_altar_statues, nicolae_figureground_sparkle
D:2:      layout_basic, nrook_mini_vaults
D:3:      layout_loops_corners, lemuel_crystal_altar
D:5:      layout_loops_ring, nicolae_gozag_conspicuous_consumption,
          minmay_misc_feat_four_crosses, kennysheep_generic_room_5

Skill      XL: |  1  2  3  4  5 |
---------------+----------------+-----
Fire Magic     | 4 |  4.9
Spellcasting   | 3 |  3.5
Conjurations   | 3 5 |  5.8
Fighting       | |  0.1
Dodging        | |  2.5
Stealth        | |  1.4

Action                   |  1- 3 |  4- 6 || total
-------------------------+-------+-------++-------
Melee: Unarmed           |     7 |       ||     7
 Cast: Foxfire           |    24 |     2 ||    26
       Scorch            |     6 |     4 ||    10
       Flame Wave        |       |     1 ||     1
  Use: Potion            |     1 |     2 ||     3
Armor: Robe              |     2 |     2 ||     4
Dodge: Dodged            |    14 |     5 ||    19
